 Dungeon Crawl Stone Soup version 0.18.1-47-g9310371 (webtiles) character file.

148 Metae the Magician (level 5, -5/28 HPs)
             Began as a Deep Elf Wizard on June 13, 2016.
             Killed from afar by an orc wizard (11 damage)
             ... with a magic dart
             ... on level 3 of the Dungeon.
             The game lasted 00:26:16 (3072 turns).

Metae the Magician (Deep Elf Wizard)                Turns: 3072, Time: 00:26:19

Health: -5/28      AC:  4    Str:  4    XL:     5   Next: 8%
Magic:  4/15       EV: 13    Int: 24    God:
Gold:   131        SH:  0    Dex: 13    Spells: 4 memorised, 7 levels left

rFire  x . .     SeeInvis .     i - +4 dagger
rCold  + . .     Gourm    .     a - +0 robe
rNeg   . . .     Faith    .     (no shield)
rPois  .         Spirit   .     j - +2 hat
rElec  .         Dismiss  .     (no cloak)
rCorr  .         Reflect  .     (no gloves)
SustAt .         Harm     .     (no boots)
MR     .....                    (no amulet)
Stlth  ++........               (no ring)
                                r - ring of ice

@: not resistant to hostile enchantments, unstealthy
A: no striking features
a: no special abilities


You were on level 3 of the Dungeon.
You were not hungry.

You visited 1 branch of the dungeon, and saw 3 of its levels.

You collected 131 gold pieces.

Inventory:

Hand Weapons
 b - a cursed -2 hand axe
 i - a +4 dagger (weapon)
Armour
 a - a +0 robe (worn)
 j - a +2 hat (worn)
 o - a +2 large shield
Jewellery
 r - a ring of ice (left hand)
Scrolls
 e - a scroll of enchant weapon {unknown}
 h - 2 scrolls of identify {unknown}
 l - 2 scrolls of remove curse {unknown}
Potions
 g - 5 potions of might {unknown}
 k - a potion of lignification {unknown}
 m - 3 potions of curing {unknown}
 n - a potion of heal wounds {unknown}
 s - a potion of mutation {unknown}
Books
 c - a book of Minor Magic

   Spells                             Type                      Level
   a - Magic Dart                     Conjuration                  1
   b - Blink                          Translocation                2
   c - Call Imp                       Summoning                    2
   d - Repel Missiles                 Charms/Air                   2
   e - Slow                           Hexes                        2
   f - Conjure Flame                  Conjuration/Fire             3
   g - Mephitic Cloud                 Conjuration/Poison/Air       3
Comestibles
 d - 2 bread rations
 f - 2 meat rations
 p - a slice of pizza
 q - 3 chunks of flesh


   Skills:
 + Level 0.2 Fighting
 + Level 1.8 Short Blades
 + Level 3.1 Dodging
 + Level 2.9 Stealth
 * Level 5.8 Spellcasting
 + Level 1.8 Conjurations
 + Level 1.9 Summonings
 + Level 1.5 Translocations
 + Level 0.2 Fire Magic


You had 7 spell levels left.
You knew the following spells:

 Your Spells              Type           Power        Failure   Level  Hunger
a - Magic Dart            Conj           ###.         4%          1    None
b - Call Imp              Summ           ###.....     8%          2    None
c - Blink                 Tloc           N/A          8%          2    None
d - Conjure Flame         Conj/Fire      #.......     21%         3    #......


Dungeon Overview and Level Annotations

Branches:
Dungeon (3/15)

Altars:
Nemelex Xobeh


Message History

You swap places.
You hear some strange, mumbled words.
A magic dart appears from out of thin air!
Deactivating autopickup; reactivate with Ctrl-A.
The magic dart hits you!
Your white imp hits something.
Your white imp freezes something.
You swap places.
Something hits your crimson imp but does no damage.
Your white imp hits the orc.
Your white imp freezes the orc.
The orc dies!
Your white imp closely misses something.
Your crimson imp closely misses the orc wizard.
You swap places.
The orc wizard points at you and mumbles some strange words.
The magic dart hits you! The orc wizard hits you with a dagger.
* * * LOW HITPOINT WARNING * * *
You hear some strange, mumbled words.
A magic dart appears from out of thin air!
The magic dart hits you!
You die...

...# #..# #..#
####..##### .### #..####
#..######.......... .#
#)....##
#(............####. .#
#))###.###.#######.##.##
#. .#####.)# #......#
#.##.# #.
........###.###..#
#.##.# #. ...........##
#..# #.##.# #.
....###.#### #..# #.##.#
##5 >...# #.#
#o@######.##.# #.# ...##
#.##### #5o{5.....##.#
##. .[## #.).)<#
##.).#######.# #.
>.#########.# ###)# #.#
#. ...<......#.# #.# #.#
#. .⌠.⌠#####.#.# #5#
#.#####. .._.........#
#.# #....÷..
.⌠.⌠#####.#.# #.#
######## ...## #.#.# #5#
#


You could see an orc wizard, an orc, 2 friendly crimson imps and a friendly
white imp.

Vanquished Creatures
  3 adders (D:3)
  A gnoll (D:3)
  2 dart slugs (D:1)
  3 giant geckos
  An orc (D:3)
  3 ball pythons
  10 bats
  3 giant cockroaches
  4 goblins
  9 hobgoblins
  4 jackals
  A quokka (D:3)
  A giant newt (D:2)
  8 kobolds
  7 rats
60 creatures vanquished.

Vanquished Creatures (collateral kills)
  A gnoll shaman (D:3)
  4 gnolls (D:3)
  2 worms
  5 orcs (D:3)
  A goblin (D:3)
  2 hobgoblins
  2 jackals (D:2)
  A kobold (D:1)
  A rat (D:3)
19 creatures vanquished.

Grand Total: 79 creatures vanquished

Notes
Turn   | Place    | Note
--------------------------------------------------------------
     0 | D:1      | Metae the Deep Elf Wizard began the quest for the Orb.
     0 | D:1      | Reached XP level 1. HP: 10/10 MP: 7/7
   153 | D:1      | Reached skill level 5 in Spellcasting
   178 | D:1      | Reached XP level 2. HP: 3/15 MP: 1/10
   380 | D:1      | Learned a level 2 spell: Call Imp
   779 | D:1      | Reached XP level 3. HP: 19/19 MP: 8/11
  1571 | D:2      | Reached skill level 1 in Short Blades
  2069 | D:2      | Learned a level 2 spell: Blink
  2073 | D:2      | Learned a level 3 spell: Conjure Flame
  2388 | D:3      | Reached XP level 4. HP: 24/24 MP: 7/13
  2521 | D:3      | Found a sparkling altar of Nemelex Xobeh.
  2989 | D:3      | Reached XP level 5. HP: 28/28 MP: 11/15
  3072 | D:3      | Killed from afar by an orc wizard

Skill      XL: |  1  2  3  4 |
---------------+-------------+-----
Spellcasting   | 5 |  5.8
Short Blades   | 1 |  1.8
Dodging        | 3 |  3.1
Fighting       | |  0.2
Stealth        | |  2.9
Conjurations   | |  1.8
Summonings     | |  1.9
Translocations | |  1.5
Fire Magic     | |  0.2

Action                   |  1- 3 |  4- 6 || total
-------------------------+-------+-------++-------
Melee: Dagger            |     6 |       ||     6
 Cast: Magic Dart        |   111 |    42 ||   153
       Call Imp          |     8 |    14 ||    22
       Conjure Flame     |       |     2 ||     2
  Eat: Bread ration      |     1 |       ||     1
       Chunk             |       |     2 ||     2
Armor: Robe              |    13 |     4 ||    17
Dodge: Dodged            |    30 |    18 ||    48
